Map: NeoHumanity LE

Players

Perks - Winner!

  • Race: Zerg Zerg
  • League: Platinum
  • Spawn Location: 5:00

trollathon

  • Race: Zerg Zerg
  • Spawn Location: 11:00

VOD

Have the link to the VOD?

Description

Time

  • Played on: Feb. 18, 2023, 7:22 p.m.
  • Length: 3:12
Show
View Real Time Build Order
Export as new Build Order

Perks Zerg - Winner!

Build Orders: Pool First 

Get SALT Encoding   

  12  0:00  Drone  
  14  0:14  Drone  
  14  0:17  Extractor  
  13  0:29  Spawning Pool  
  12  1:00  Hatchery  
  11  1:16  Queen  
  13  1:30  Metabolic Boost  
  13  1:36  Overlord  
  13  1:42  Drone  
  14  1:57  Zergling x4  
  14  2:00  Zergling x2  
  17  2:09  Zergling x2  
  18  2:16  Zergling x2  
  18  2:20  Zergling x2  
  20  2:25  Zergling x4  
  20  2:26  Zergling x2  
  20  2:27  Zergling x2  
  24  2:34  Zergling x2  
  24  2:35  Zergling x2  
  26  2:44  Zergling x2  
  27  2:48  Zergling x2  
Show
View Real Time Build Order
Export as new Build Order

trollathon Zerg 

Build Orders: Pool First 

Get SALT Encoding   

  12  0:00  Drone  
  13  0:13  Overlord  
  13  0:20  Drone  
  14  0:32  Drone  
  14  0:33  Drone  
  16  0:45  Drone  
  16  0:48  Spawning Pool  
  16  0:55  Drone  
  17  1:13  Drone  
  17  1:14  Hatchery  
  17  1:20  Extractor  
  17  1:21  Drone  
  17  1:29  Drone  
  18  1:38  Drone  
  18  1:39  Queen  
  21  1:49  Overlord  
  21  2:04  Drone  
  22  2:14  Drone  
  22  2:15  Queen  
  23  2:17  Roach Warren  
  23  2:21  Drone  
  25  2:32  Drone x2  
  27  2:38  Extractor  
  27  2:42  Zergling x4  
  28  2:57  Drone x3  
  30  3:10  Spine Crawler  
  30  3:11  Spine Crawler  
Tags
 
Add a new tag
Caveats
  • Supply blocks, unpowered buildings, or Contaminate may cause inaccurate times.
  • Supply counts are checked every 10 seconds.